 Dungeon Crawl Stone Soup version 0.24.0-13-gcf9b3192b9 (webtiles) character file.

Game seed: 2338681947048886732, levelgen mode: deterministic

11603 inmateoo the Epochal (level 11, -3/68 HPs)
             Began as a Deep Elf Gladiator on Nov 5, 2019.
             Was an Elder of Cheibriados.
             Slain by a slime creature (11 damage)
             ... on level 11 of the Dungeon.
             The game lasted 00:16:05 (13456 turns).

inmateoo the Epochal (Deep Elf Gladiator)          Turns: 13456, Time: 00:16:05

Health: -3/68      AC: 10    Str: 22    XL:     11   Next: 51%
Magic:  0/20       EV: 16    Int: 24    God:    Cheibriados [****..]
Gold:   693        SH:  0    Dex: 28    Spells: 20/20 levels left

rFire    + . .     SeeInvis .   u - +9 hand axe of Sequestration {venom, Dex+3}
rCold    . . .     Gourm    .   (no shield)
rNeg     . . .     Faith    .   e - +0 scale mail
rPois    +         Spirit   +   b - +0 helmet
rElec    .         Reflect  .   w - +0 cloak {rPois}
rCorr    .         Harm     .   A - +0 pair of gloves
MR       +....                  (no boots)
Stlth    +.........             m - amulet of guardian spirit
HPRegen  0.21/turn              B - ring of protection from fire
MPRegen  0.17/turn              (no ring)

@: studying Earth Magic, very slow
A: no striking features
a: Bend Time, Temporal Distortion, Slouch, Renounce Religion


You were on level 11 of the Dungeon.
You worshipped Cheibriados.
Cheibriados was greatly pleased with you.
You were hungry.

You visited 2 branches of the dungeon, and saw 12 of its levels.
You also visited: Sewer.

You collected 693 gold pieces.

Inventory:

Hand Weapons
 u - the +9 hand axe of Sequestration (weapon) {venom, Dex+3}
   (You found it on level 4 of the Dungeon)

   It poisons the flesh of those it strikes.
   It affects your dexterity (+3).
Missiles
 a - 4 silver javelins
 c - 5 throwing nets
 j - 338 stones
 r - 20 boomerangs (quivered)
Armour
 b - a +0 helmet (worn)
 e - a +0 scale mail (worn)
 v - the +4 cloak of the Trees {rPois MR+ Slay-4}
   (You found it on level 5 of the Dungeon)

   It affects your accuracy and damage with ranged weapons and melee attacks
   (-4).
   It protects you from poison.
   It affects your resistance to hostile enchantments.
 w - a +0 cloak of poison resistance (worn)
 A - a +0 pair of gloves (worn)
Jewellery
 m - an amulet of guardian spirit (around neck)
 B - a ring of protection from fire (left hand)
 E - an uncursed ring of flight {unknown}
 H - an uncursed amulet of harm {unknown}
Wands
 x - a wand of flame (54)
 y - a wand of paralysis (5)
 D - a wand of acid (3)
Scrolls
 h - 5 scrolls of teleportation
 o - 5 scrolls of fog
 s - 7 scrolls of remove curse
 F - a scroll of amnesia
 G - a scroll of enchant weapon
Potions
 f - a potion of resistance
 g - a potion of curing
 i - 2 potions of agility
 k - a potion of might
 l - a potion of magic
 n - 2 potions of heal wounds {unknown}
 p - a potion of brilliance {unknown}
 q - a potion of mutation
 t - a potion of flight {unknown}
 C - a potion of invisibility {unknown}
Books
 z - a manual of Earth Magic
Comestibles
 d - 28 rations


   Skills:
 + Level 7.7 Fighting
 - Level 5.0 Axes
 - Level 2.0 Throwing
 + Level 2.9 Armour
 + Level 6.7 Dodging
 + Level 8.6 Unarmed Combat
 * Level 5.0 Spellcasting
 - Level 9.5 Invocations


You had 20 spell levels left.
You didn't know any spells.
Your spell library contained the following spells:

 Spells                   Type           Power        Failure   Level  Hunger
 Flame Tongue             Conj/Fire      #....        22%         1    None
 Throw Flame              Conj/Fire      #.....       34%         2    None
 Conjure Flame            Conj/Fire      #.......     56%         3    ##.....
 Inner Flame              Hex/Fire       #.......     56%         3    ##.....
 Sticky Flame             Conj/Fire      #.......     92%         4    ####...
 Fireball                 Conj/Fire      #.........   99%         5    #####..


Dungeon Overview and Level Annotations

Branches:
Dungeon (11/15)            Temple (1/1) D:4            Lair (0/6) D:8
  Sewer (visited)
    Orc: D:9-12

Altars:
Cheibriados
Dithmenos
Fedhas
Hepliaklqana
Makhleb
Nemelex Xobeh
Okawaru
Ru
Uskayaw
Vehumet
Wu Jian
Xom
Zin
The Shining One
Jiyva

Shops:
D:7 !

Annotations:
D:3 1 runed translucent door, eisbaer's ghost, amateur MiFi
D:8 exclusion: 2 doors


Message History

The slime creature is moderately wounded.
The slime creature hits you!
You slash the slime creature!
The slime creature is heavily wounded.
The slime creature hits you!
* * * LOW HITPOINT WARNING * * *
You are too injured to fight recklessly!
Unknown command.
You hit the slime creature.
The slime creature is heavily wounded.
The slime creature hits you!
* * * LOW HITPOINT WARNING * * *
The slime creature hits you.
* * * LOW HITPOINT WARNING * * *
Unknown command.
Unknown command.
You slash the slime creature!
The slime creature is severely wounded.
The slime creature hits you!
You die...

...(.'...#........#
.....###.'........#
.....# ###........#
.....# #........#
.....# #........#
.....# ###'######
.....# #.#####
###### #.<...#
#####@#
........J>.#
.............)#
..............#
..........._..#
..............#
..............#
..............#


You could see a slime creature.

Vanquished Creatures
  Gastronok (D:8)
  2 two-headed ogres (D:10)
  Joseph (D:7)
  Psyche (D:10)
  A gargoyle (D:10)
  2 polar bears (D:10)
  4 hippogriffs
  6 yaks
  2 centaur simulacra (D:10)
  A basilisk (D:8)
  4 chaos spawn (D:8)
  A meliai simulacrum (D:10)
  A black bear (D:6)
  5 ogres
  2 orc warriors (D:7)
  An eye of draining (D:10)
  4 ice beasts
  4 sky beasts
  A hornet zombie (D:9)
  A wolf (D:10)
  4 centaurs
  A crocodile (D:8)
  5 big kobolds
  9 bullfrogs
  4 scorpions
  4 killer bees (D:8)
  An electric eel (D:10)
  5 crimson imps
  3 bullfrog zombies
  4 hounds
  6 jellies
  3 orc priests
  5 orc wizards
  2 bullfrog skeletons
  4 iguanas
  Crazy Yiuf (D:7)
  8 worker ants
  A hound zombie (D:5)
  A howler monkey zombie (D:6)
  6 gnolls
  19 adders
  3 river rats
  2 shadow imps
  A white imp (D:10)
  A worker ant simulacrum (D:10)
  6 oozes
  3 adder zombies
  11 worms
  A dart slug (D:4)
  7 leopard geckos
  26 orcs
  9 bats
  4 giant cockroaches
  6 goblins
  10 hobgoblins
  16 jackals
  15 kobolds
  A quokka (D:6)
  6 ball pythons
  7 frilled lizards
  2 giant cockroach zombies (D:5)
  A leopard gecko skeleton (D:5)
  A leopard gecko zombie (D:7)
  A quokka skeleton (D:7)
  6 rats
287 creatures vanquished.

Notes
Turn   | Place    | Note
-------+----------+-------------------------------------------
     0 | D:1      | inmateoo the Deep Elf Gladiator began the quest for the
                  | Orb.
     0 | D:1      | Reached XP level 1. HP: 12/12 MP: 3/3
   307 | D:1      | Reached XP level 2. HP: 16/16 MP: 4/4
   980 | D:1      | Reached XP level 3. HP: 20/20 MP: 1/5
  1476 | D:2      | Reached XP level 4. HP: 25/25 MP: 6/6
  1934 | D:3      | Reached XP level 5. HP: 9/29 MP: 3/7
  1955 | D:3      | Found a glowing drain.
  2263 | Sewer    | Entered a sewer
  2437 | Sewer    | Reached skill level 5 in Unarmed Combat
  3110 | Sewer    | Reached XP level 6. HP: 31/34 MP: 5/8
  3740 | Sewer    | Reached XP level 7. HP: 24/38 MP: 4/9
  4190 | D:3      | Noticed eisbaer's ghost (amateur MiFi)
  4197 | D:3      | Found a runed translucent door.
  4600 | D:4      | Got a crude hand axe
  4601 | D:4      | Identified the +9 hand axe of Sequestration {venom, Dex+3}
                  | (You found it on level 4 of the Dungeon)
  4688 | D:4      | Found a burning altar of Makhleb.
  5258 | D:4      | Found a staircase to the Ecumenical Temple.
  5308 | Temple   | Entered the Ecumenical Temple
  5343 | Temple   | Became a worshipper of Cheibriados the Contemplative
  5602 | D:5      | Entered Level 5 of the Dungeon
  5690 | D:5      | Got a polished cloak
  5696 | D:5      | Identified the +4 cloak of the Trees {rPois MR+ Slay-4}
                  | (You found it on level 5 of the Dungeon)
  5952 | D:5      | Reached XP level 8. HP: 40/44 MP: 8/10
  6032 | D:5      | Reached * piety under Cheibriados
  6332 | D:6      | Reached skill level 1 in Axes
  6573 | D:6      | Reached ** piety under Cheibriados
  6576 | D:6      | Reached skill level 5 in Fighting
  6866 | D:6      | Reached XP level 9. HP: 53/54 MP: 9/11
  7305 | D:7      | Reached skill level 1 in Invocations
  7584 | D:7      | Reached skill level 2 in Invocations
  7902 | D:7      | Found a runed translucent door.
  7903 | D:7      | Noticed Crazy Yiuf
  7957 | D:7      | Reached *** piety under Cheibriados
  8025 | D:7      | Reached skill level 3 in Invocations
  8081 | D:7      | Noticed Joseph
  8101 | D:7      | Killed Joseph
  8236 | D:7      | Found Yleikk's Distillery.
  8396 | D:7      | Reached skill level 4 in Invocations
  8586 | D:7      | Killed Crazy Yiuf
  8754 | D:8      | Reached skill level 5 in Axes
  8919 | D:8      | Found a staircase to the Lair.
  8920 | D:8      | Noticed Gastronok
  9066 | D:8      | Reached skill level 5 in Invocations
  9103 | D:8      | Reached XP level 10. HP: 37/61 MP: 8/15
  9288 | D:8      | Reached **** piety under Cheibriados
  9429 | D:8      | Found a shimmering altar of Xom.
  9439 | D:8      | Reached skill level 6 in Invocations
  9658 | D:8      | Found the +7 mace of Variability {chain chaos}
  9678 | D:8      | Reached skill level 7 in Invocations
  9780 | D:8      | Killed Gastronok
  9780 | D:8      | Reached skill level 9 in Invocations
 10332 | D:9      | Reached skill level 1 in Armour
 10656 | D:9      | Reached skill level 5 in Dodging
 10809 | D:9      | Found a sparkling altar of Nemelex Xobeh.
 10918 | D:9      | Reached XP level 11. HP: 52/67 MP: 14/20
 11289 | D:10     | Entered Level 10 of the Dungeon
 11384 | D:10     | Reached skill level 1 in Spellcasting
 11520 | D:10     | Noticed a two-headed ogre
 11528 | D:10     | Killed a two-headed ogre
 11806 | D:10     | HP: 1/67 [meliai simulacrum (7)]
 12123 | D:10     | Noticed Psyche
 12135 | D:10     | Killed Psyche
 12569 | D:10     | Noticed a two-headed ogre
 12579 | D:10     | Killed a two-headed ogre
 12746 | D:10     | Reached ***** piety under Cheibriados
 13396 | D:11     | Reached skill level 5 in Spellcasting
 13444 | D:11     | Found a viscous altar of Jiyva.
 13456 | D:11     | Slain by a slime creature

Levels and vault maps discovered:
D:1:      psy_arrival_whirlpool, layout_loops_ring, minmay_tromino_i4
D:2:      layout_basic, first_ration
D:3:      layout_rooms, hellmonk_ghost_happy_afterlife,
          lightli_sewer_entry_pipes, chequers_jeans, kennysheep_another_room,
          chequers_serial_rivers_marsh
D:4:      layout_basic, minmay_temple_entry_poolview, bloody_makhleb
D:5:      layout_basic, minmay_manual_mess
D:6:      layout_cave_pods
D:7:      layout_gridville, serial_shops, nicolae_shop_waterfront,
          hangedman_abyss_or_decor_stagger, uniq_joseph, uniq_crazy_yiuf_cottage
D:8:      layout_basic, david_lair_generic, blue_anna_alchemist
          [blue_anna_fruit_fields, blue_anna_fruit_fields],
          minmay_guarded_unrand_variability, uniq_gastronok
D:9:      layout_irregular_city, nemelex_xobeh_ov_fountains_minmay,
          grunt_ministairs_11, minivault_25, kennysheep_small_circle
D:10:     layout_loops_ring, serial_ice, serial_ice_n, serial_ice_i,
          serial_ice_b, serial_ice_d, serial_ice_e, uniq_psyche
D:11:     layout_roguey, david_orc_1_choice, jiyva_altar_1
Temple:   compressed_dpeg_circular_temple

Skill      XL: |  1  2  3  4  5  6  7  8  9 10 11 |
---------------+----------------------------------+-----
Unarmed Combat | 3 4 5 6 8 |  8.6
Fighting       | 2 5 6 7 |  7.7
Axes           | 3 5 |  5.0
Invocations    | 5 9 |  9.5
Dodging        | 5 6 |  6.7
Armour         | 1 2 |  2.9
Spellcasting   | 5 |  5.0
Throwing       | |  2.0

Action                   |  1- 3 |  4- 6 |  7- 9 | 10-12 || total
-------------------------+-------+-------+-------+-------++-------
Melee: Unarmed           |    83 |   266 |    65 |       ||   414
       Punch             |     2 |     7 |    13 |    25 ||    47
       Hand axe          |       |       |   326 |   262 ||   588
 Fire: Hunting sling     |    35 |    47 |       |       ||    82
Throw: Dart              |       |    28 |       |       ||    28
       Boomerang         |       |       |     9 |    13 ||    22
Invok: Slouch            |       |       |       |     2 ||     2
Evoke: Wand              |       |       |       |    15 ||    15
  Use: Scroll            |     6 |     4 |     7 |     5 ||    22
       Potion            |       |     2 |     1 |     3 ||     6
 Stab: Sleeping          |     1 |       |       |       ||     1
       Paralysed         |       |       |       |     7 ||     7
  Eat: Chunk             |     2 |     7 |    14 |     6 ||    29
Armor: Leather armour    |    14 |       |       |       ||    14
       Ring mail         |    26 |    81 |   104 |       ||   211
       Skin              |       |     3 |       |       ||     3
       Scale mail        |       |       |    94 |   121 ||   215
Dodge: Dodged            |    80 |   156 |   315 |   230 ||   781
